 Dungeon Crawl Stone Soup version 0.26-a0-597-gb535b0901c (webtiles) character file.

Game seed: 17702523050109563228

221 vurker the Slinger (level 6, -3/42 HPs)
             Began as a Halfling Hunter on Sept 12, 2020.
             Slain by an ogre
             ... wielding a +0 giant spiked club
              (14 damage)
             ... on level 6 of the Dungeon.
             The game lasted 00:05:03 (3366 turns).

vurker the Slinger (Halfling Hunter)                Turns: 3366, Time: 00:05:04

Health: -3/42      AC: 11    Str: 15    XL:     6   Next: 18%
Magic:  6/6        EV:  6    Int:  9    God:
Gold:   68         SH:  0    Dex: 15    Spells: 5/5 levels left

rFire    . . .     SeeInvis .   b - +0 short sword
rCold    . . .     Faith    .   (shield restricted)
rNeg     . . .     Spirit   .   j - +0 plate armour
rPois    .         Reflect  .   (no helmet)
rElec    .         Harm     .   e - +0 cloak
rCorr    +                      (no gloves)
MR       .....                  (no boots)
Stlth    ..........             l - amulet of inaccuracy (curse)
HPRegen  0.14/turn              f - ring of resist corrosion
MPRegen  0.10/turn              (no ring)

@: no status effects
A: small, mutation resistance 1
a: no special abilities


You were on level 6 of the Dungeon.
You visited 1 branch of the dungeon, and saw 4 of its levels.

You collected 68 gold pieces.

Inventory:

Hand Weapons
 a - a +1 hunting sling
 b - a +0 short sword (weapon)
Missiles
 d - 5 sling bullets
 p - 3 stones (quivered)
Armour
 e - a +0 cloak (worn)
   (You found it on level 1 of the Dungeon)
 j - a +0 plate armour (worn)
   (You found it on level 1 of the Dungeon)
Jewellery
 f - a ring of resist corrosion (left hand)
   (You found it on level 1 of the Dungeon)
 l - a cursed amulet of inaccuracy (around neck)
   (You found it on level 2 of the Dungeon)
Scrolls
 m - a scroll of fear
Potions
 h - a potion of brilliance {unknown}
 i - a potion of degeneration {unknown}
 n - a potion of cancellation {unknown}
 q - a potion of curing
 r - a potion of berserk rage {unknown}


   Skills:
 + Level 3.3 Fighting
 * Level 8.9 Slings
 - Level 2.1 Dodging
 - Level 1.1 Stealth


You had 5 spell levels left.
You didn't know any spells.
Your spell library was empty.

Dungeon Overview and Level Annotations

Branches:
Dungeon (3/15)

Altars:
Ru


Innate Abilities, Weirdness & Mutations

You are small and have problems with some larger weapons.
You are somewhat resistant to further mutation.


Message History

No reachable target in view!
No reachable target in view!
No reachable target in view!
No reachable target in view!
You now have 68 gold pieces (gained 13).
Found 6 sling bullets.
An orc priest comes into view. It is wielding a +0 short sword.
The orc priest shouts!
You hear a shout! x2
The orc priest looks encouraged for a moment.
A quokka skeleton comes into view.
There are monsters nearby! 2 orcs come into view.
The orc shouts!
An orc priest comes into view. It is wielding a +0 hand axe.
An ogre comes into view. It is wielding a +0 giant spiked club.
Found 14 gold pieces.
Found a stone staircase leading up. 2 orcs come into view.
The ogre shouts!
The orc priest shouts!
The orc shouts!
You hear a shout!
An orc comes into view.
The orc priest begins to cast a cantrip, but forgets the words!
There is a stone staircase leading down, spattered with blood here.
You closely miss the quokka skeleton.
The quokka skeleton bites you but does no damage.
You closely miss the quokka skeleton. The quokka skeleton barely misses you.
You hit the orc. The quokka skeleton barely misses you.
The orc barely misses you.
You hit the orc.
The quokka skeleton bites you but does no damage.
The orc hits you but does no damage.
You hit the orc.
You kill the orc!
The quokka skeleton barely misses you.
You barely miss the ogre. The ogre barely misses you.
You hit the ogre but do no damage.
The ogre hits you with a +0 giant spiked club!!
Ouch! That really hurt!
* * * LOW HITPOINT WARNING * * *
The orc closely misses you.
You hit the ogre. The orc hits you but does no damage. x2
The ogre hits you with a +0 giant spiked club!
* * * LOW HITPOINT WARNING * * *
Unknown command.
You hit the ogre. The orc hits you but does no damage.
The orc barely misses you.
You barely miss the ogre. The ogre closely misses you.
The orc barely misses you. x2
Unknown command.
You barely miss the orc.
The ogre hits you with a +0 giant spiked club!
You die...

##........ ....<.o.o #.
..# ...oo.... #. .
#.8...8.. #. .#.
#ooo.....
#.####.#.##### #.#
#......#.....# #.#
#....#####...# #Z#
#....#≈≈b#.o@# #.#
#....#.≈.#.Oo###Z######
##...#≈.≈#..oo........#
#...#####...#o..######
#.....#.....#.###
#####.#######.######
#.# #...........
#.####.##.#######
#....†.##.#


You could see an ogre, 2 orc priests, 3 orcs and a bat.

Vanquished Creatures
  A bullfrog zombie (D:6)
  Terence (D:2)
  A worker ant (D:6)
  5 adders (D:2)
  3 gnolls (D:2)
  2 worms (D:2)
  2 leopard geckos
  2 orcs
  9 bats
  2 giant cockroaches
  5 goblins
  6 hobgoblins
  4 jackals (D:1)
  5 kobolds
  A quokka (D:2)
  A ball python (D:2)
  7 frilled lizards
  A leopard gecko zombie (D:6)
  4 rats
62 creatures vanquished.

Vanquished Creatures (others)
  9 fungi (D:6)
9 creatures vanquished.

Grand Total: 71 creatures vanquished

Notes
Turn   | Place    | Note
-------+----------+-------------------------------------------
     0 | D:1      | vurker the Halfling Hunter began the quest for the Orb.
     0 | D:1      | Reached XP level 1. HP: 14/14 MP: 1/1
    77 | D:1      | Reached skill level 6 in Slings
   157 | D:1      | Reached XP level 2. HP: 19/19 MP: 2/2
   497 | D:1      | Reached XP level 3. HP: 24/24 MP: 3/3
   987 | D:2      | Reached skill level 7 in Slings
  1023 | D:2      | Reached XP level 4. HP: 21/30 MP: 4/4
  1835 | D:2      | Reached XP level 5. HP: 21/36 MP: 5/5
  1840 | D:2      | Reached skill level 8 in Slings
  2730 | D:3      | Found a sacrificial altar of Ru.
  2732 | D:3      | Noticed Terence
  2846 | D:2      | Killed Terence
  2987 | D:3      | You fall into a shaft and drop 3 floors!
  3153 | D:6      | Reached XP level 6. HP: 26/42 MP: 6/6
  3342 | D:6      | Noticed an ogre
  3366 | D:6      | Slain by an ogre

Illustrated notes

Levels and vault maps discovered:
D:1:      dpeg_arrival_fog, layout_loops_ring
D:2:      layout_loops_ring, minmay_quadrilaterals
D:3:      layout_loops_ring, lemuel_crystal_altar, old_standard_altar,
          serial_forest, infiniplex_forest_straight_4,
          infiniplex_forest_zigzag_1, infiniplex_forest_clump_tiny,
          infiniplex_forest_lined_2, infiniplex_forest_side_room,
          infiniplex_forest_zigzag_2, uniq_terence
D:6:      layout_loops_ring, serial_aquarium, aquarium_bridge_island_large
          [aquarium_subvault_large_open, aquarium_subvault_bridge,
          aquarium_subvault_wall, aquarium_subvault_bridge,
          aquarium_subvault_window], aquarium_window_1, aquarium_window_fake,
          aquarium_view_2c, aquarium_balcony_3a, aquarium_pool_split,
          grunt_ministairs_2

Skill      XL: |  1  2  3  4  5 |
---------------+----------------+-----
Slings         | 6 7 8 |  8.9
Fighting       | 2 3 |  3.3
Dodging        | |  2.1
Stealth        | |  1.1

Action                   |  1- 3 |  4- 6 || total
-------------------------+-------+-------++-------
Melee: Short sword       |     9 |   302 ||   311
 Fire: Hunting sling     |    82 |    40 ||   122
  Use: Scroll            |       |     8 ||     8
       Potion            |       |     3 ||     3
Armor: Leather armour    |     4 |       ||     4
       Plate armour      |     9 |   238 ||   247
Dodge: Dodged            |    21 |   104 ||   125

Table legend: (Time is in decaauts)
 A = Elapsed time spent in this place.
 B = Non-inter-level travel time spent in this place.
 C = Inter-level travel time spent in this place.
 D = Time resting spent in this place.
 E = Time spent auto-exploring this place.
 F = Levels seen in this place.
 G = Mean time per level.
                   A        B        C        D        E       F      G
               +--------+--------+--------+--------+--------+-----+--------+
         Total |   3356 |   3292 |     64 |      0 |   2556 |   4 |  839.0 |
       Dungeon |   3356 |   3292 |     64 |      0 |   2556 |   4 |  839.0 |
               +--------+--------+--------+--------+--------+-----+--------+

Top non-repeatable levels by time:
     D:2: 1938 daAuts
     D:1: 951 daAuts
     D:6: 387 daAuts
     D:3: 79 daAuts
